 Dungeon Crawl Stone Soup version 0.23-a0-435-g79ed067 (webtiles) character file.

162 JeffiDaFish the Grave Robber (level 5, -6/28 HPs)
             Began as a Deep Elf Necromancer on Nov 16, 2018.
             Mangled by Menkaure (15 damage)
             ... on level 3 of the Dungeon.
             The game lasted 00:08:43 (3362 turns).

JeffiDaFish the Grave Robber (Deep Elf Necromancer) Turns: 3362, Time: 00:08:44

Health: -6/28      AC:  2    Str:  5    XL:     5   Next: 19%
Magic:  10/13      EV: 19    Int: 21    God:
Gold:   137        SH:  0    Dex: 20    Spells: 5/12 levels left

rFire    + . .     SeeInvis .   d - +0 short sword
rCold    + . .     Gourm    .   (no shield)
rNeg     . . .     Faith    .   g - +0 robe
rPois    .         Spirit   .   (no helmet)
rElec    .         Reflect  .   e - scarf {rC+ rF+}
rCorr    .         Harm     .   (no gloves)
MR       .....                  (no boots)
Stlth    ++++......             (no amulet)
HPRegen  1.09/turn              (no ring)
MPRegen  0.13/turn              (no ring)

@: agile, regenerating, hasted, very quick
A: no striking features
a: no special abilities


You were on level 3 of the Dungeon.
You were not hungry.

You visited 1 branch of the dungeon, and saw 4 of its levels.

You collected 137 gold pieces.

Inventory:

Hand Weapons
 d - a +0 short sword (weapon)
Armour
 e - a scarf of resistance (worn)
 g - a +0 robe (worn)
Scrolls
 b - a scroll of fog
 i - 2 scrolls of identify
Potions
 h - a potion of agility
 j - a potion of invisibility
Comestibles
 c - 5 rations
 k - 3 chunks of flesh


   Skills:
 + Level 3.5 Dodging
 + Level 3.7 Stealth
 + Level 4.2 Spellcasting
 * Level 6.2 Necromancy


You had 5 spell levels left.
You knew the following spells:

 Your Spells              Type           Power        Failure   Level  Hunger
a - Pain                  Necr           ####         1%          1    None
b - Regeneration          Chrm/Necr      ###.......   10%         3    ##.....
c - Vampiric Draining     Necr           ####......   2%          3    ##.....

Your spell library contained the following spells:

 Spells                   Type           Power        Failure   Level  Hunger
 Animate Skeleton         Necr           N/A          1%          1    None
 Animate Dead             Necr           N/A          9%          4    ####...


Dungeon Overview and Level Annotations

Branches:
Dungeon (4/15)
 Temple: D:4-7

Altars:
The Shining One

Annotations:
D:3 Menkaure


Message History

You are too injured to fight recklessly!
You are too injured to fight recklessly!
You are too injured to fight recklessly!
You completely miss Menkaure.
Menkaure is moderately damaged.
You hit Menkaure.
Menkaure is heavily damaged.
Menkaure barely misses you.
You hit Menkaure.
Menkaure is heavily damaged.
You hit Menkaure but do no damage.
Menkaure is heavily damaged.
Menkaure calls on the powers of darkness!
Your body is wracked with pain!
* * * LOW HITPOINT WARNING * * *
You hit Menkaure.
Menkaure is severely damaged.
Menkaure hits you!
Ouch! That really hurt!
You die...

####....#.....## #.........#
####..............####.........#
.#.................##..........##
........##......................#
...........#.......##..##.......#
........##.#.......##.###.......#
......)......#.#......###.......#
........##.....M......#.........#
........##.###..@.......#.......#
##......##..##..........#.......#
...####)###)##........#.........#
.....##...#.##...(....###.#######
##.#...#..#................#
##.###.....................#
...####................)...##
##...........###............#
...#####..[.................#####


You could see Menkaure.

Vanquished Creatures
  An orc priest (D:3)
  4 adders
  An ooze (D:2)
  2 worms (D:3)
  2 dart slugs (D:1)
  4 leopard geckos
  3 orcs (D:3)
  2 giant cockroaches
  9 goblins
  9 hobgoblins
  6 jackals
  8 kobolds
  A quokka (D:3)
  2 ball pythons (D:1)
  7 bats
  3 frilled lizards
  8 rats
72 creatures vanquished.

Notes
Turn   | Place    | Note
-------+----------+-------------------------------------------
     0 | D:1      | JeffiDaFish the Deep Elf Necromancer began the quest for
                  | the Orb.
     0 | D:1      | Reached XP level 1. HP: 10/10 MP: 6/6
    72 | D:1      | Reached skill level 5 in Necromancy
   542 | D:1      | Reached XP level 2. HP: 15/15 MP: 6/8
  1148 | D:1      | Reached XP level 3. HP: 19/19 MP: 7/9
  1996 | D:2      | Learned a level 3 spell: Regeneration
  2218 | D:2      | Reached XP level 4. HP: 17/24 MP: 4/11
  2319 | D:2      | Learned a level 3 spell: Vampiric Draining
  2595 | D:3      | Reached skill level 6 in Necromancy
  2836 | D:3      | Reached XP level 5. HP: 21/28 MP: 0/13
  3173 | D:3      | Found a glowing golden altar of the Shining One.
  3342 | D:4      | Noticed Menkaure
  3362 | D:3      | Mangled by Menkaure

Vault maps used:
D:1:      dpeg_arrival_prison, minmay_pentomino_o4
D:2:      first_ration
D:3:      nicolae_tso_carved_into_rock
D:4:      yredelemnul_forgotten_temple_becter, marbit_many_paths,
          nicolae_ru_awakened_eye, uniq_robin, uniq_crazy_yiuf_cottage,
          uniq_menkaure, uniq_natasha

Skill      XL: |  1  2  3  4 |
---------------+-------------+-----
Necromancy     | 5 6 |  6.2
Stealth        | 3 |  3.7
Dodging        | 3 |  3.5
Spellcasting   | 4 |  4.2

Action                   |  1- 3 |  4- 6 || total
-------------------------+-------+-------++-------
Melee: Short sword       |    20 |    22 ||    42
 Cast: Pain              |    63 |    55 ||   118
       Regeneration      |     2 |     1 ||     3
       Vampiric Draining |       |     4 ||     4
  Use: Scroll            |     1 |     3 ||     4
       Potion            |     5 |     3 ||     8
 Stab: Sleeping          |     6 |     1 ||     7
  Eat: Chunk             |     4 |     4 ||     8
Armor: Robe              |     4 |     3 ||     7
Dodge: Dodged            |    28 |    30 ||    58

Table legend:
 A = Non-vault XP
 B = Vault XP
 C = Vault XP percentage of total XP
 D = Non-vault monster count
 E = Vault monster count
 F = Vault count percentage of total count
                 A         B        C        D         E       F
            +---------+---------+-------+---------+---------+-------
      Total |     227 |       5 |   2.2 |      68 |       4 |   5.6
            +---------+---------+-------+---------+---------+-------
        D:1 |      46 |       5 |   9.8 |      26 |       4 |  13.3
        D:2 |      62 |       0 |   0.0 |      18 |       0 |   0.0
        D:3 |     119 |       0 |   0.0 |      24 |       0 |   0.0
            +---------+---------+-------+---------+---------+-------
